 Dungeon Crawl Stone Soup version 0.27-a0-328-g7f782ed93a (webtiles) character file.

Game seed: 9028218808153143299

44 CurlyBrace the Caller (level 3, -3/16 HPs)
             Began as a Felid Summoner on Feb 11, 2021.
             Killed by nerve-wracking pain
             ... invoked by Grinder
              (8 damage)
             ... on level 3 of the Dungeon.
             The game lasted 00:04:13 (292 turns).

CurlyBrace the Caller (Felid Summoner)               Turns: 292, Time: 00:04:14

Health: -3/16      AC:  1    Str:  5    XL:     3   Next: 39%
Magic:  0/7        EV: 18    Int: 16    God:
Gold:   20         SH:  0    Dex: 16    Spells: 5/6 levels left
                                        Lives:  0   Deaths: 0

rFire    . . .     SeeInvis +     - Unarmed
rCold    . . .     Faith    .   (shield unavailable)
rNeg     . . .     Spirit   .   (armour unavailable)
rPois    .         Reflect  .   (helmet unavailable)
rElec    .         Harm     .   (cloak unavailable)
rCorr    .         Rampage  .   (gloves unavailable)
Will     .....                  (boots unavailable)
Stlth    +++.......             (no amulet)
HPRegen  0.05/turn              (no ring)
MPRegen  0.10/turn              (no ring)

@: quick
A: very small, no armour, no weapons or thrown items, stealth, claws 1, fangs 3,
see invisible, speed 1, shaggy fur 1, sharp paws
a: no special abilities


You were on level 3 of the Dungeon.
You visited 1 branch of the dungeon, and saw 3 of its levels.

You collected 20 gold pieces.

You aren't carrying anything.


   Skills:
 * Level 1.9 Fighting
 - Level 3.0 Dodging
 - Level 3.0 Stealth
 * Level 1.9 Unarmed Combat
 - Level 2.0 Spellcasting
 - Level 4.0 Summonings


You had 5 spell levels left.
You knew the following spells:

 Your Spells              Type           Power        Failure   Level
a - Summon Small Mammal   Summ           56%          4%          1

Your spell library contained the following spells:

 Spells                   Type           Power        Failure   Level
 Call Imp                 Summ           14%          6%          2
 Call Canine Familiar     Summ           14%          12%         3
 Summon Guardian Golem    Hex/Summ       8%           26%         3
 Summon Ice Beast         Ice/Summ       8%           65%         4
 Summon Lightning Spire   Summ/Air       8%           65%         4


Dungeon Overview and Level Annotations

Branches:
Dungeon (3/15)

Altars:
Elyvilon

Annotations:
D:3 Grinder


Innate Abilities, Weirdness & Mutations

You cannot wear armour.
You are incapable of wielding weapons or throwing items.
Your paws allow you to move quietly. (Stealth)
You have sharp claws.
You have razor-sharp teeth.
You have supernaturally acute eyesight. (SInv)
You cover ground quickly.
You are covered in fur. (AC +1)
Your sharp claws are effective at attacking unaware monsters.


Message History

Your bat closely misses the adder.
Something bites your rat.
Your rat dies!
Your rat's corpse disappears in a puff of smoke!
Unknown command.
Unknown command.
You aren't carrying any potions.
Your bat misses the adder.
Your bat closely misses the adder.
Your bat completely misses the adder.
Your bat closely misses the adder.
The adder barely misses your bat.
Unknown command.
Your bat hits the adder but does no damage.
Your bat closely misses the adder.
The adder completely misses your bat.
Grinder zaps a wand.
Some rock shatters into small pieces.
The adder bites your bat.
Casting: Summon Small Mammal (safe; 4% risk of failure)
Confirm with . or Enter, or press ? or * to list all spells.
Nothing appears to happen.
Your bat barely misses the adder.
Your bat misses the adder.
Your bat closely misses the adder.
The adder barely misses your bat.
Your magical contamination has completely faded away.
Unknown command.
Your bat closely misses the adder.
Your bat hits the adder. x2
The adder misses your bat.
Grinder blinks!
Your bat misses the adder. Your bat hits the adder.
The adder barely misses your bat.
Your bat closely misses the adder.
Your bat completely misses the adder.
Your bat barely misses the adder.
The adder bites your bat but does no damage.
Your bat hits the adder. The adder completely misses your bat.
Grinder blinks!
Your bat hits the adder.
Your bat barely misses the adder.
Your bat hits the adder.
The adder dies!
Grinder zaps a wand.
Some rock shatters into small pieces.
The now-empty wand crumbles to dust.
The worm bites your bat.
Your bat dies!
Your bat's corpse disappears in a puff of smoke!
Grinder gestures at you. Pain shoots through your body!
Ouch! That really hurt!
You die...

#.# #.# #.# #.#
#### #.# ...
#.# ####.# ##
#.# #....#####
#.##
#.###.#.†.....
#@###........#
##.#######w#.#
##.###
#.#.#...#
##..##
#.#......
##..###.#......
##5w##r#......
..g#§#.#...#
###§§#......
##.#......


You could see Grinder, a worm and a goblin.

Vanquished Creatures
  An adder (D:3)
  2 bats (D:3)
  A goblin (D:2)
  A kobold (D:3)
  3 rats
8 creatures vanquished.

Vanquished Creatures (collateral kills)
  3 adders (D:3)
  An ooze (D:3)
  2 worms (D:3)
  A dart slug (D:3)
  A kobold (D:3)
8 creatures vanquished.

Vanquished Creatures (others)
  A leopard gecko (D:3)
1 creature vanquished.

Grand Total: 17 creatures vanquished

Notes
Turn   | Place    | Note
-------+----------+-------------------------------------------
     0 | D:1      | CurlyBrace the Felid Summoner began the quest for the Orb.
     0 | D:1      | Reached XP level 1. HP: 7/7 MP: 4/4
     0 | D:1      | Noticed a jelly
    90 | D:3      | Found a white marble altar of Elyvilon.
   106 | D:3      | Reached XP level 2. HP: 10/12 MP: 0/6
   157 | D:3      | Reached skill level 1 in Fighting
   157 | D:3      | Reached skill level 1 in Unarmed Combat
   235 | D:3      | Reached XP level 3. HP: 9/15 MP: 7/7
   261 | D:3      | Noticed Grinder
   292 | D:3      | Killed from afar by Grinder

Illustrated notes

Levels and vault maps discovered:
D:1:      dpeg_arrival_caged_fury, layout_basic, minmay_hedge_maze,
          evilmike_ruin_ashenzari
D:2:      layout_rooms
D:3:      layout_loops_ring, elyvilon_altar_4, lemuel_doored_altar,
          portal_sewer_entry_f, uniq_grinder

Skill      XL: |  1  2 |
---------------+-------+-----
Fighting       | 1 |  1.9
Unarmed Combat | 1 |  1.9
Stealth        | 3 |  3.0
Dodging        | 3 |  3.0
Spellcasting   | |  2.0
Summonings     | |  4.0

Action                   || total
-------------------------++-------
Melee: Unarmed           ||    27
       Bite              ||     2
 Cast: Summon Small Mamm ||    18
  Use: Scroll            ||     2
 Stab: Sleeping          ||     4
Armor: Skin              ||     3
Dodge: Dodged            ||    45

Table legend: (Time is in decaauts)
 A = Elapsed time spent in this place.
 B = Non-inter-level travel time spent in this place.
 C = Inter-level travel time spent in this place.
 D = Time resting spent in this place.
 E = Time spent auto-exploring this place.
 F = Levels seen in this place.
 G = Mean time per level.
                   A        B        C        D        E       F      G
               +--------+--------+--------+--------+--------+-----+--------+
         Total |    254 |    254 |      0 |      0 |      0 |   3 |   84.7 |
       Dungeon |    254 |    254 |      0 |      0 |      0 |   3 |   84.7 |
               +--------+--------+--------+--------+--------+-----+--------+

Top non-repeatable levels by time:
     D:3: 194 daAuts
     D:2: 43 daAuts
     D:1: 16 daAuts
